 Dungeon Crawl Stone Soup version 0.31-a0-66-ge618eeaa78 (webtiles) character file.

Game seed: 8097903121373029811

849 clovenhoof the Covert (level 8, -2/46 HPs)
             Began as a Kobold Brigand on Nov 28, 2022.
             Was a Follower of Makhleb.
             Slain by a wyvern (15 damage)
             ... on level 6 of the Dungeon on May 22, 2023.
             The game lasted 00:22:46 (5514 turns).

clovenhoof the Covert (Kobold Brigand)              Turns: 5514, Time: 00:22:46

Health: -2/46      AC:  8    Str: 20    XL:     8   Next: 21%
Magic:  8/8        EV: 15    Int:  8    God:    Makhleb [*.....]
Gold:   59         SH:  0    Dex: 19    Spells: 7/7 levels left

rFire   . . .        a - +2 dagger
rCold   . . .        (no shield)
rNeg    + . .        n - +0 leather armour
rPois   +            A - +1 hat
rElec   .            i - +1 cloak {rPois}
rCorr   .            J - +0 pair of gloves
SInv    .            m - +0 pair of boots of the Land of Plenty {-Cast rN+ Str+6 Int-4}
Will    .....        c - amulet of the acrobat
Stlth   ++++++       B - +6 ring of strength
HPRegen 0.27/turn    (no ring)
MPRegen 0.11/turn

%: no spellcasting, acrobat
@: hasted, very quick
A: small, no large weapons, nightstalker 3
a: Renounce Religion


You were on level 6 of the Dungeon.
You worshipped Makhleb.
Makhleb was aware of your devotion.
You visited 2 branches of the dungeon, and saw 7 of its levels.

You collected 261 gold pieces.
You spent 202 gold pieces at shops.

Inventory:

Hand Weapons
 a - a +2 dagger (weapon)
 h - a +0 short sword of draining
 k - a +0 rapier of holy wrath
 E - the +9 quarterstaff of Excruciating Pain {flame, +Blink}
   (You found it on level 5 of the Dungeon)

   +Blink:    It lets you blink.
Missiles
 d - 17 poisoned darts (quivered)
 e - 3 curare-tipped darts
 l - a throwing net
Armour
 b - a +0 robe
 i - a +1 cloak of poison resistance (worn)
 m - the +0 pair of boots of the Land of Plenty (worn) {-Cast rN+ Str+6 Int-4}
   (You found it on level 5 of the Dungeon)

   Str:       It affects your strength (+6).
   Int:       It affects your intelligence (-4).
   rN:        It protects you from negative energy.
   -Cast:     It prevents spellcasting.
 n - a +0 leather armour (worn)
 w - the +0 ring mail "Goush" {rPois}
   (You found it on level 3 of the Dungeon)

   rPois:     It protects you from poison.
 A - a +1 hat (worn)
 J - a +0 pair of gloves (worn)
Jewellery
 c - an amulet of the acrobat (around neck)
 B - a +6 ring of strength (left hand)
Wands
 F - a wand of flame (24)
 G - a wand of digging (9)
Scrolls
 f - 2 scrolls of fear
 g - 2 scrolls of teleportation
 o - a scroll of immolation {unknown}
 q - a scroll of noise {unknown}
 t - a scroll of blinking {unknown}
 x - a scroll of enchant armour {unknown}
 y - a scroll of brand weapon {unknown}
 H - a scroll of enchant weapon {unknown}
Potions
 j - a potion of cancellation {unknown}
 p - 3 potions of attraction
 r - a potion of might {unknown}
 s - 2 potions of mutation {unknown}
 u - 2 potions of lignification {unknown}
 v - a potion of ambrosia {unknown}
 z - a potion of invisibility {unknown}
 C - a potion of curing
 I - a potion of enlightenment {unknown}


   Skills:
 + Level 3.2 Fighting
 + Level 5.7 Short Blades
 + Level 2.2 Throwing
 + Level 2.2 Armour
 + Level 3.3 Dodging
 + Level 10.4 Stealth
 + Level 0.2 Evocations


You had 7 spell levels left.
You didn't know any spells.
Your spell library contained the following spells:

 Spells                   Type           Power      Damage    Failure   Level
 Vhi's Electric Charge    Tloc/Air       0%         N/A       83%         3
 Arcjolt                  Conj/Air       0%         1d10      100%        5
 Plasma Beam              Fire/Air       0%         2x1d11    100%        6


Dungeon Overview and Level Annotations

Branches:
Dungeon (6/15)             Temple (1/1) D:5

Altars:
Ashenzari
Cheibriados
Dithmenos
Elyvilon
Fedhas
Gozag
Hepliaklqana
Kikubaaqudgha
Makhleb
Okawaru
Ru
Sif Muna
Trog
Wu Jian
Xom
Yredelemnul
Zin

Shops:
D:4 *


Innate Abilities, Weirdness & Mutations

You are small and have problems with some larger weapons.
You are completely attuned to the shadows.


Message History

You see here a +0 leather armour.
You enter the shallow water.
Moving in this stuff is going to be slow.
Partly explored, can't reach some places.
Partly explored, can't reach some places.
(D) Dungeon (T) Temple
Where to? (? - help)
There is a stone staircase leading down here.
You climb downwards.
Found a pair of gloves.
There is a stone staircase leading up here.
Found a mace.
You see here a +0 pair of gloves.
J - a +0 pair of gloves You start putting on your armour.
You continue putting on your +0 pair of gloves. x4
You finish putting on your +0 pair of gloves.
You open the door.
There is an open door here.
An orc comes into view. It is wielding a +0 whip.
Found 6 stones.
An orc comes into view. It is wielding a +0 club.
The helpless orc fails to defend itself.
You spit the orc like a pig!!!!
You kill the orc!
Makhleb accepts your kill.
An orc priest comes into view. It is wielding a +0 club.
A wyvern comes into view.
You see here a +0 whip.
Found 6 gold pieces.
The orc shouts!
The wyvern hisses angrily.
You hear a shout!
The wyvern bites you!
You hear a shout!
The orc priest invokes the aid of Beogh against you.
Beogh smites you! The wyvern bites you!
* * * LOW HITPOINT WARNING * * *
You feel yourself speed up.
The wyvern bites you but does no damage.
The wyvern attacks as you move away! The wyvern bites you!
You die...

#.# # #.#
.#.#.#
...#.#
.....#
.....#
###..# #
###..#.##
#.(o@...#
#.#l#####
....o..#
....##...
$#.. ...
#.. ..


You could see a wyvern, an orc priest and an orc.

Vanquished Creatures
  An ice beast (D:4)
  2 phantoms (D:5)
  A gnoll sergeant (D:5)
  A scorpion (D:5)
  2 hounds
  A jelly (D:4)
  2 orc priests (D:4)
  A sleepcap (D:5)
  2 iguanas (D:5)
  4 orc wizards
  4 gnolls
  An adder (D:5)
  A white imp (D:5)
  An ufetubus (D:2)
  2 worms
  A dart slug (D:1)
  11 orcs
  6 endoplasms
  2 giant cockroaches (D:4)
  5 goblins
  8 hobgoblins
  6 kobolds
  2 quokkas (D:4)
  15 ball pythons
  11 bats
  8 frilled lizards
  5 rats
106 creatures vanquished.

Vanquished Creatures (collateral kills)
  A gnoll (D:4)
1 creature vanquished.

Vanquished Creatures (others)
  An orc wizard (D:4)
1 creature vanquished.

Grand Total: 108 creatures vanquished

Notes
Turn   | Place    | Note
-------+----------+-------------------------------------------
     0 | D:1      | clovenhoof the Kobold Brigand began the quest for the Orb.
     0 | D:1      | Reached XP level 1. HP: 12/12 MP: 1/1
   189 | D:1      | Reached XP level 2. HP: 18/18 MP: 2/2
   412 | D:1      | Reached skill level 6 in Stealth
   607 | D:1      | Reached XP level 3. HP: 22/22 MP: 3/3
  1156 | D:2      | Found an iron altar of Okawaru.
  1364 | D:2      | Reached XP level 4. HP: 15/24 MP: 4/4
  1862 | D:3      | Reached skill level 7 in Stealth
  1869 | D:3      | Identified the +0 ring mail "Goush" {rPois}
  2066 | D:3      | Reached XP level 5. HP: 31/31 MP: 5/5
  2071 | D:3      | Upgraded the game from 0.30-a0-377-g5cb311bc9f to
                  | 0.30-a0-605-gb2882149bf
  2071 | D:3      | Upgraded the game from 0.30-a0-605-gb2882149bf to
                  | 0.30-a0-778-g2ef04afb54
  2265 | D:3      | Found a burning altar of Makhleb.
  2349 | D:3      | Became a worshipper of Makhleb the Destroyer
  2529 | D:4      | Reached skill level 8 in Stealth
  2529 | D:4      | Reached XP level 6. HP: 36/36 MP: 6/6
  2755 | D:4      | Upgraded the game from 0.30-a0-778-g2ef04afb54 to
                  | 0.31-a0-43-g46d131a48f
  2755 | D:4      | Noticed an ice beast
  2759 | D:4      | Killed an ice beast
  2760 | D:4      | Reached skill level 1 in Armour
  2760 | D:4      | Reached skill level 9 in Stealth
  2760 | D:4      | Reached XP level 7. HP: 40/40 MP: 7/7
  2761 | D:4      | Found an opulent altar of Gozag.
  3246 | D:4      | Found Sapyw's CLEARANCE SALE!.
  3254 | D:4      | Bought a potion of haste for 60 gold pieces
  3254 | D:4      | Bought a wand of charming (2) for 28 gold pieces
  3254 | D:4      | Bought a wand of flame (24) for 100 gold pieces
  3254 | D:4      | Bought 4 poisoned darts for 14 gold pieces
  3550 | D:5      | Entered Level 5 of the Dungeon
  3556 | D:5      | Reached * piety under Makhleb
  3574 | D:4      | Reached skill level 5 in Short Blades
  3700 | D:5      | Noticed a shadow
  3967 | D:5      | Identified the +0 pair of boots of the Land of Plenty
                  | {-Cast rN+ Str+6 Int-4}
  4085 | D:5      | Identified the +9 quarterstaff of Excruciating Pain {flame,
                  | +Blink}
  4091 | D:5      | Found a staircase to the Ecumenical Temple.
  4104 | Temple   | Entered the Ecumenical Temple
  4845 | D:5      | Reached skill level 10 in Stealth
  4845 | D:5      | Reached XP level 8. HP: 46/46 MP: 8/8
  5020 | D:5      | Upgraded the game from 0.31-a0-43-g46d131a48f to
                  | 0.31-a0-66-ge618eeaa78
  5039 | D:5      | Found a glowing silver altar of Zin.
  5510 | D:6      | Noticed a wyvern
  5514 | D:6      | Slain by a wyvern

Illustrated notes

Levels and vault maps discovered:
D:1:      lightli_arrival_flooded_house, layout_basic
D:2:      layout_basic, basic_altar, minmay_misc_feat_five
D:3:      layout_rooms, lightli_temple_of_fire
D:4:      layout_cave_pods, nicolae_gozag_seed_capital, nicolae_shop_clearance
D:5:      cheibrodos_iron_armory, layout_basic, lemuel_crystal_altar,
          minmay_temple_entry_crystal_x, grunt_ministairs_14,
          minmay_crystal_water
D:6:      layout_basic, lemuel_doored_altar
Temple:   compressed_dpeg_triangle_lava_temple

Skill      XL: |  1  2  3  4  5  6  7 |
---------------+----------------------+-----
Short Blades   | 3 4 5 |  5.7
Stealth        | 6 7 8 9 10 | 10.4
Dodging        | 2 3 |  3.3
Armour         | 1 2 |  2.2
Fighting       | 3 |  3.2
Throwing       | |  2.2
Evocations     | |  0.2

Action                     |  1- 3 |  4- 6 |  7- 9 || total
---------------------------+-------+-------+-------++-------
  Melee: Dagger            |    52 |   142 |    87 ||   281
         Punch             |     1 |     3 |     1 ||     5
         Short sword       |    29 |       |       ||    29
  Throw: Dart              |     1 |       |       ||     1
  Evoke: Wand              |       |       |     2 ||     2
    Use: Scroll            |     3 |     3 |     2 ||     8
         Potion            |       |     2 |     1 ||     3
   Stab: Sleeping          |    17 |    21 |    18 ||    56
         Distracted        |     1 |     2 |     1 ||     4
 Armour: Robe              |    20 |     1 |       ||    21
         Leather armour    |       |    33 |     7 ||    40
  Dodge: Dodged            |    34 |    65 |    46 ||   145

Table legend: (Time is in decaauts)
 A = Elapsed time spent in this place.
 B = Non-inter-level travel time spent in this place.
 C = Inter-level travel time spent in this place.
 D = Time resting spent in this place.
 E = Time spent auto-exploring this place.
 F = Levels seen in this place.
 G = Mean time per level.
                   A        B        C        D        E       F      G
               +--------+--------+--------+--------+--------+-----+--------+
         Total |   5456 |   5197 |    259 |    464 |   3013 |   7 |  779.4 |
       Dungeon |   5171 |   4931 |    240 |    464 |   2761 |   6 |  861.8 |
        Temple |    284 |    265 |     19 |      0 |    252 |   1 |  284.0 |
               +--------+--------+--------+--------+--------+-----+--------+

Top non-repeatable levels by time:
     D:5: 1416 daAuts
     D:4: 1301 daAuts
     D:1: 1039 daAuts
     D:2: 664 daAuts
     D:3: 651 daAuts
  Temple: 284 daAuts
     D:6: 98 daAuts
